 Dungeon Crawl Stone Soup version 0.30-a0-21-g5d08c37080 (webtiles) character file.

Game seed: 4526310881997698399

88 Ijustatesigmund the Digger (level 4, -1/24 HPs)
             Began as a Gargoyle Earth Elementalist on Aug 24, 2022.
             Slain by a gnoll
             ... wielding a +0 whip
              (3 damage)
             ... on level 2 of the Dungeon.
             The game lasted 00:03:25 (2241 turns).

Ijustatesigmund the Digger (GrEE)                   Turns: 2241, Time: 00:03:26

Health: -1/24      AC:  5    Str: 16    XL:     4   Next: 53%
Magic:  3/9        EV: 11    Int: 16    God:
Gold:   125        SH:  0    Dex:  9    Spells: 8/9 levels left

rFire   . . .      SeeInvis .    e - +0 mace
rCold   . . .      Faith    .    (no shield)
rNeg    + . .      Spirit   .    a - +0 robe
rPois   ∞          Reflect  .    (no helmet)
rElec   +          Harm     .    (no cloak)
rCorr   .          Rampage  .    (no gloves)
Will    .....                    (no boots)
Stlth   ++........               j - amulet of regeneration
HPRegen 0.88/turn                (no ring)
MPRegen 0.11/turn                (no ring)

@: weak-willed
A: sickness immunity, AC +3, negative energy resistance 1, electricity
resistance, torment resistance 1, petrification resistance, high MP 1, strong 1,
subdued magic 1
a: no special abilities


You were on level 2 of the Dungeon.
You visited 1 branch of the dungeon, and saw 2 of its levels.

You collected 125 gold pieces.

Inventory:

Hand Weapons
 e - a +0 mace (weapon)
Armour
 a - a +0 robe (worn)
 c - a +0 leather armour
Magical Staves
 m - a staff of air
Jewellery
 j - an amulet of regeneration (around neck)
Scrolls
 f - a scroll of enchant weapon {unknown}
 g - a scroll of magic mapping {unknown}
 i - a scroll of noise {unknown}
 k - a scroll of identify {unknown}
 o - a scroll of enchant armour {unknown}
Potions
 b - a potion of magic
 h - a potion of flight {unknown}


   Skills:
 + Level 1.6 Maces & Flails
 - Level 1.5 Dodging
 - Level 2.1 Stealth
 + Level 3.0 Spellcasting
 - Level 0.7 Transmutations
 + Level 4.8 Earth Magic


You had 8 spell levels left.
You knew the following spells:

 Your Spells              Type           Power      Damage    Failure   Level
a - Sandblast             Erth           26%        2d8       1%          1

Your spell library contained the following spells:

 Spells                   Type           Power      Damage    Failure   Level
 Passwall                 Tmut/Erth      6%         N/A       7%          2
 Stone Arrow              Conj/Erth      14%        3d7       17%         3
 Gell's Gravitas          Tloc           1%         N/A       45%         3
 Lesser Beckoning         Tloc           1%         N/A       45%         3
 Teleport Other           Tloc           1%         N/A       45%         3
 Tukima's Dance           Hex            1%         N/A       45%         3
 Petrify                  Tmut/Erth      8%         N/A       47%         4
 Passage of Golubria      Tloc           1%         N/A       86%         4
 Yara's Violent Unravell  Hex/Tmut       1%         3d3       99%         5


Dungeon Overview and Level Annotations

Branches:
Dungeon (2/15)

Altars:
Qazlal


Innate Abilities, Weirdness & Mutations

You are immune to sickness and miasma.
Your stone body is resilient. (AC +3)
You are immune to poison.
You resist negative energy. (rN+)
You are resistant to electric shocks. (rElec)
You are resistant to unholy torment.
You are immune to petrification.
You have an increased reservoir of magic. (+10% MP)
Your muscles are strong. (Str +4, Int/Dex -1)
Your spells are a little easier to cast, but a little less powerful.


Message History

Aiming: Sandblast (safe; 2% risk of failure)
Press: ? - help, Shift-Dir - straight line, f/p - gnoll
Aim: a gnoll, wielding a +0 spear and quivering a throwing net (almost dead, 84% to hit)
The blast of sand hits the gnoll!
You kill the gnoll!
Your Spellcasting skill increases to level 3!
You aren't carrying any items that you can evoke.
As you read the scroll labelled MUACHI JOUDWU, it crumbles to dust.
Magic quickly surges around you.
It was a scroll of vulnerability.
As you read the scroll labelled ISY DALATICS, it crumbles to dust.
It is a scroll of amnesia.
Really abort (and waste the scroll)?
Okay, then.
The gnoll hits you from afar with a +0 spear.
Casting: Sandblast (safe; 2% risk of failure)
Confirm with . or Enter, or press ? or * to list all spells.
Aiming: Sandblast (safe; 2% risk of failure)
Press: ? - help, Shift-Dir - straight line, f - gnoll
Aim: a gnoll, wielding a +0 club (weak-willed, 84% to hit)
The blast of sand hits the gnoll!
You kill the gnoll!
The gnoll hits you from afar with a +0 spear.
The gnoll misses you.
The gnoll hits you from afar with a +0 spear.
Casting: Sandblast (safe; 2% risk of failure)
Confirm with . or Enter, or press ? or * to list all spells.
Aiming: Sandblast (safe; 2% risk of failure)
Press: ? - help, Shift-Dir - straight line, f - gnoll
Aim: a gnoll, wielding a +0 whip (weak-willed, 84% to hit)
The blast of sand hits the gnoll.
The gnoll is lightly wounded.
The gnoll hits you with a +0 whip.
* * * LOW HITPOINT WARNING * * *
The gnoll hits you from afar with a +0 spear.
* * * LOW HITPOINT WARNING * * *
It was a potion of mutation.
You feel extremely strange.
You feel more energetic.
Your connection to magic feels subdued.
You feel stronger. The gnoll hits you with a +0 whip.
You die...

..# #.# #.# #.# .... #.#
#.# .... #'####.#
...#+####### .÷.....#
..........# .......#
#.........# .......#
#.g.._....# .......#
#g........# .......#
#@........# .......##
#(........#
........##########'######
......#..........#.#
......##########.#.#
####### #...####### #
#>........# # #########.#


You could see 2 gnolls.

Vanquished Creatures
  2 gnolls (D:2)
  An adder (D:2)
  4 dart slugs
  6 endoplasms
  A giant cockroach (D:2)
  4 goblins
  4 hobgoblins
  3 jackals (D:1)
  4 quokkas (D:1)
  4 ball pythons
  4 bats
  5 frilled lizards
  4 kobolds (D:1)
  2 rats
48 creatures vanquished.

Notes
Turn   | Place    | Note
-------+----------+-------------------------------------------
     0 | D:1      | Ijustatesigmund the Gargoyle Earth Elementalist began the
                  | quest for the Orb.
     0 | D:1      | Reached XP level 1. HP: 10/10 MP: 3/3
    58 | D:1      | Found a faded altar of an unknown god.
   159 | D:1      | Reached skill level 4 in Earth Magic
   159 | D:1      | Reached XP level 2. HP: 11/15 MP: 1/5
   762 | D:1      | Reached XP level 3. HP: 18/19 MP: 1/6
  1055 | D:1      | Found a stormy altar of Qazlal.
  1165 | D:1      | Reached skill level 1 in Maces & Flails
  1410 | D:2      | Reached XP level 4. HP: 16/24 MP: 3/8
  2229 | D:2      | Found a stormy altar of Qazlal.
  2240 | D:2      | HP: 1/24 [gnoll/+0 spear (5)]
  2241 | D:2      | Gained mutation: You have an increased reservoir of magic.
                  | (+10% MP) [potion of mutation]
  2241 | D:2      | Gained mutation: Your spells are a little easier to cast,
                  | but a little less powerful. [potion of mutation]
  2241 | D:2      | Gained mutation: Your muscles are strong. (Str +4, Int/Dex
                  | -1) [potion of mutation]
  2241 | D:2      | Slain by a gnoll

Illustrated notes

Levels and vault maps discovered:
D:1:      erik_arrival_blinker_ship, layout_rooms, basic_ecumenical_altar,
          minmay_hexomino_r4
D:2:      layout_basic, basic_altar, serial_forest,
          infiniplex_forest_lined_room_, infiniplex_forest_clump_medium,
          infiniplex_forest_straight_4, infiniplex_forest_clump_double,
          infiniplex_forest_fountain, infiniplex_forest_end_2,
          infiniplex_forest_straight_3

Skill      XL: |  1  2  3  4 |
---------------+-------------+-----
Earth Magic    | 4 |  4.8
Maces & Flails | 1 |  1.6
Spellcasting   | 3 |  3.0
Dodging        | |  1.5
Stealth        | |  2.1
Transmutations | |  0.7

Action                   |  1- 3 |  4- 6 || total
-------------------------+-------+-------++-------
Melee: Club              |    16 |       ||    16
       Unarmed           |     1 |       ||     1
       Whip              |    27 |       ||    27
 Cast: Sandblast         |    46 |    15 ||    61
  Use: Scroll            |       |     2 ||     2
       Potion            |       |     1 ||     1
Armor: Robe              |    31 |     1 ||    32
Dodge: Dodged            |    44 |     5 ||    49

Table legend: (Time is in decaauts)
 A = Elapsed time spent in this place.
 B = Non-inter-level travel time spent in this place.
 C = Inter-level travel time spent in this place.
 D = Time resting spent in this place.
 E = Time spent auto-exploring this place.
 F = Levels seen in this place.
 G = Mean time per level.
                   A        B        C        D        E       F      G
               +--------+--------+--------+--------+--------+-----+--------+
         Total |   2275 |   2261 |     14 |    784 |   1175 |   2 | 1137.5 |
       Dungeon |   2275 |   2261 |     14 |    784 |   1175 |   2 | 1137.5 |
               +--------+--------+--------+--------+--------+-----+--------+

Top non-repeatable levels by time:
     D:1: 1333 daAuts
     D:2: 942 daAuts
